Map: Abyssal Reef LE

Players

Bounce - Winner!

  • Race: Terran Terran
  • Spawn Location: 5:00

A.I. 1 (Very Easy)

  • Race: Zerg Zerg
  • Spawn Location: 11:00

VOD

Have the link to the VOD?

Description

Testing an easy one base 3 rax

Time

  • Played on: March 9, 2017, 6:23 p.m.
  • Length: 5:58
Show
View Real Time Build Order
Export as new Build Order

Bounce Terran - Winner!

Build Orders:  

Get SALT Encoding   

  12  0:02  SCV  
  13  0:14  SCV  
  13  0:18  Supply Depot  
  14  0:26  SCV  
  15  0:40  SCV  
  15  0:41  Barracks  
  16  0:47  Refinery  
  16  0:52  SCV  
  18  1:04  SCV  
  18  1:11  Barracks  
  18  1:16  SCV  
  19  1:28  Marine  
  19  1:29  Orbital Command  
  20  1:38  Barracks  
  20  1:49  Barracks Reactor  
  20  1:50  Supply Depot  
  20  1:57  SCV  
  20  2:00  Barracks Tech Lab  
  21  2:09  SCV  
  22  2:21  Marine  
  23  2:24  Stimpack  
  23  2:25  Marine x2  
  23  2:29  Supply Depot  
  25  2:35  Marine  
  26  2:45  Marine x2, Marauder  
  30  2:52  Supply Depot  
  30  2:54  Marine  
  31  3:03  Marine x2  
  33  3:07  Marauder  
  33  3:12  Marine  
  36  3:20  Supply Depot  
  36  3:21  Marine x2  
  38  3:28  Marauder  
  38  3:30  Marine  
  41  3:38  Marine  
  41  3:39  Marine  
  43  3:43  Supply Depot  
  43  3:48  Marine  
  43  3:49  Marauder  
  46  3:58  Marine x2  
  48  4:08  Marine  
  49  4:23  Supply Depot  
  49  4:25  Command Center  
  49  4:28  Concussive Shells  
  49  4:29  Marine x2, Marauder  
  53  4:44  SCV  
  54  4:46  Marine  
  54  4:52  Marine x2, Marauder  
  59  4:56  SCV  
  59  4:58  Supply Depot  
  60  5:07  Refinery  
  60  5:08  SCV  
  60  5:09  Marine  
  60  5:10  Marine  
  60  5:11  Marine  
  64  5:14  Marine  
Show
View Real Time Build Order
Export as new Build Order

A.I. 1 (Very Easy) Zerg 

Build Orders: Pool Only 

Get SALT Encoding   

  12  0:01  Drone  
  13  0:12  Overlord  
  13  0:16  Drone  
  14  0:36  Spawning Pool  
  14  0:37  Extractor  
  14  0:40  Drone  
  13  0:47  Drone  
  14  0:53  Overlord  
  14  1:24  Zergling x2  
  14  1:25  Queen  
  17  1:33  Roach Warren  
  17  1:35  Drone  
  17  1:40  Extractor  
  17  1:44  Drone  
  17  1:52  Zergling x2  
  18  2:03  Drone  
  19  2:10  Drone  
  20  2:18  Drone  
  20  2:21  Zergling x2  
  22  2:29  Overlord  
  22  2:32  Drone  
  23  2:40  Drone  
  24  2:47  Drone  
  24  2:50  Roach  
  27  5:23  Zergling x2  
  27  5:26  Overlord  
  25  5:33  Drone  
  21  5:36  Overlord  
  14  5:44  Drone  
Tags
 
Matchup
TvZ
Opening
Pool Only
Spawn Locations
Cross Positions
Add a new tag
Caveats
  • Supply blocks, unpowered buildings, or Contaminate may cause inaccurate times.
  • Supply counts are checked every 10 seconds.